 Dungeon Crawl Stone Soup version 0.23-b1-59-g586d0d887c (webtiles) character file.

Game seed: 10280860688498185012

2028 GordonOverkill the Reanimator (level 9, -4/74 HPs)
             Began as a Mummy Necromancer on Feb 5, 2019.
             Was an Initiate of Gozag.
             Killed from afar by an electric eel (13 damage)
             ... with a bolt of electricity
             ... on level 7 of the Dungeon.
             The game lasted 00:23:05 (9240 turns).

GordonOverkill the Reanimator (Mummy Necromancer)   Turns: 9240, Time: 00:23:05

Health: -4/74      AC:  5    Str: 16    XL:     9   Next: 3%
Magic:  3/25       EV: 18    Int: 23    God:    Gozag
Gold:   291        SH:  0    Dex: 17    Spells: 9/18 levels left

rFire    x . .     SeeInvis .   q - +2 war axe (elec)
rCold    + . .     Gourm    .   (no shield)
rNeg     + + +     Faith    .   a - +0 robe
rPois    ∞         Spirit   .   h - +1 helmet
rElec    .         Reflect  .   (no cloak)
rCorr    .         Harm     .   c - +0 pair of gloves
MR       +....                  (no boots)
Stlth    +++.......             (no amulet)
HPRegen  0.22/turn              b - +3 ring of slaying
MPRegen  0.19/turn              j - ring of magical power

@: mighty, brilliant, agile, hasted, very quick
A: no food or potions, fire vulnerability, cold resistance 1, negative energy
resistance 3, torment resistance, unbreathing
a: Potion Petition, Call Merchant, Bribe Branch, Renounce Religion


You were on level 7 of the Dungeon.
You worshipped Gozag.
Gozag was aware of your devotion.
You were not hungry.

You visited 2 branches of the dungeon, and saw 8 of its levels.

You collected 404 gold pieces.
You paid 113 gold pieces to Gozag.

Inventory:

Hand Weapons
 q - a +2 war axe of electrocution (weapon)
 r - a +0 trident
Missiles
 g - 2 throwing nets
 i - 2 javelins of penetration (quivered)
 m - 2 javelins
Armour
 a - a +0 robe (worn)
 c - a +0 pair of gloves (worn)
 h - a +1 helmet (worn)
Jewellery
 b - a +3 ring of slaying (left hand)
 j - a ring of magical power (right hand)
 k - an uncursed ring of wizardry
 u - an uncursed ring of resist corrosion
Wands
 p - a wand of iceblast (11)
Scrolls
 d - a scroll of immolation
 e - 3 scrolls of remove curse
 f - a scroll of blinking
 n - 2 scrolls of teleportation
 o - a scroll of magic mapping
 s - 2 scrolls of acquirement


   Skills:
 + Level 7.8 Fighting
 - Level 2.0 Dodging
 - Level 1.5 Stealth
 - Level 5.0 Spellcasting
 + Level 8.9 Necromancy


You had 9 spell levels left.
You knew the following spells:

 Your Spells              Type           Power        Failure   Level  Hunger
a - Pain                  Necr           ####         1%          1    N/A
b - Animate Skeleton      Necr           N/A          1%          1    N/A
c - Vampiric Draining     Necr           ######....   1%          3    N/A
d - Animate Dead          Necr           N/A          1%          4    N/A

Your spell library contained the following spells:

 Spells                   Type           Power        Failure   Level  Hunger
 Sticks to Snakes         Tmut           ###.....     1%          2    N/A
 Beastly Appendage        Tmut           Unusable     N/A         1    N/A
 Regeneration             Chrm/Necr      Unusable     N/A         3    N/A
 Spider Form              Tmut/Pois      Unusable     N/A         3    N/A
 Ice Form                 Ice/Tmut       Unusable     N/A         4    N/A
 Blade Hands              Tmut           Unusable     N/A         5    N/A

Dungeon Overview and Level Annotations

Branches:
Dungeon (7/15)             Temple (1/1) D:7

Altars:
Ashenzari
Cheibriados
Dithmenos
Elyvilon
Fedhas
Gozag
Hepliaklqana
Kikubaaqudgha
Makhleb
Nemelex Xobeh
Qazlal
Ru
Sif Muna
Uskayaw
Vehumet
Wu Jian
Xom
Zin
The Shining One

Shops:
D:4 =   D:5 %

Annotations:
D:5 2 runed translucent doors, Chr0nify's ghost, novice MiFi


Innate Abilities, Weirdness & Mutations

You do not eat or drink.
Your flesh is vulnerable to fire.
You are immune to poison.
Your flesh is cold resistant. (rC+)
You are immune to negative energy. (rN+++)
You are immune to unholy pain and torment.
You can survive without breathing.


Message History

The bolt of electricity misses you.
You see here 8 gold pieces.
An electric eel comes into view.
You closely miss the electric eel.
The orc priest becomes distracted by the nearby gold, dreaming of imaginary riches.
The electric eel shoots out a bolt of lightning at you!
The bolt of electricity hits the plant!
The bolt of electricity hits the electric eel.
The electric eel completely resists.
The bolt of electricity hits you!
* * * LOW HITPOINT WARNING * * *
The bolt of electricity hits you.
* * * LOW HITPOINT WARNING * * *
The electric eel becomes distracted by the nearby gold, dreaming of imaginary riches.
The orc priest shouts!
You see here 8 gold pieces.
You hear a splashing noise.
The electric eel shoots out a bolt of lightning at you!
The bolt of electricity hits the plant.
The bolt of electricity hits you!
You die...
Your body crumbles into a pile of gold.

≈≈ ≈♣ ##########.#
# ≈♣♣≈ #.#####
♣≈≈≈ #.....Z
≈♣♣♣;≈. ##...##
P≈≈≈≈≈P #####
#.### ≈P≈≈≈Po
#...##### #.#
PP≈≈PP;###.......#
#.#
#≈P≈....$...P.[..#
#.#
#.#..######P)@P..#
#Z# # #..P.P## #.#
#...P)# #.#
#####[# #.# #.#
#.# #.#########.#
#...........#
#############


You could see an electric eel.

Vanquished Creatures
  Eustachio (D:4)
  An orc warrior (D:4)
  A sky beast (D:7)
  2 ogres (D:4)
  A phantom (D:7)
  2 centaurs (D:6)
  2 bullfrogs
  6 killer bees (D:7)
  3 howler monkeys
  A bullfrog zombie (D:6)
  A centaur zombie (D:6)
  A hound (D:5)
  A jelly (D:6)
  3 orc priests
  3 orc wizards
  A bullfrog skeleton (D:6)
  5 iguanas
  Terence (D:3)
  7 gnolls
  10 adders
  A shadow imp (D:7)
  An ooze (D:2)
  An adder skeleton (D:6)
  11 dart slugs
  5 leopard geckos
  10 orcs
  4 bats
  3 giant cockroaches (D:2)
  14 goblins
  8 hobgoblins
  9 jackals
  3 kobolds
  5 quokkas
  A ball python (D:2)
  3 frilled lizards
  3 rats
135 creatures vanquished.

Vanquished Creatures (collateral kills)
  3 worker ants
  Robin (D:3)
  A dart slug (D:4)
  3 orcs
  3 goblins (D:3)
  A jackal (D:6)
12 creatures vanquished.

Vanquished Creatures (others)
  An iguana (D:4)
  20 plants (D:7)
21 creatures vanquished.

Grand Total: 168 creatures vanquished

Notes
Turn   | Place    | Note
-------+----------+-------------------------------------------
     0 | D:1      | GordonOverkill the Mummy Necromancer began the quest for
                  | the Orb.
     0 | D:1      | Reached XP level 1. HP: 13/13 MP: 4/4
   531 | D:1      | Reached XP level 2. HP: 20/20 MP: 4/6
   990 | D:2      | Reached skill level 1 in Fighting
  1146 | D:2      | Reached XP level 3. HP: 22/26 MP: 0/7
  1651 | D:2      | Reached XP level 4. HP: 30/33 MP: 2/9
  1711 | D:2      | Learned a level 1 spell: Animate Skeleton
  1715 | D:2      | Learned a level 3 spell: Vampiric Draining
  1720 | D:2      | Learned a level 4 spell: Animate Dead
  2312 | D:2      | Found a deep blue altar of Sif Muna.
  2474 | D:3      | Noticed Terence
  2696 | D:3      | Noticed Robin
  2705 | D:3      | Killed Robin
  2748 | D:3      | Found a glowing silver altar of Zin.
  3027 | D:3      | Reached XP level 5. HP: 39/39 MP: 6/11
  3240 | D:3      | Killed Terence
  3798 | D:4      | Noticed a phantom
  3807 | D:4      | Reached skill level 5 in Necromancy
  4529 | D:4      | Noticed an ogre
  4530 | D:4      | Noticed a phantom
  4544 | D:4      | Reached XP level 6. HP: 16/47 MP: 6/13
  4736 | D:4      | Reached skill level 5 in Spellcasting
  4912 | D:4      | Noticed an orc warrior
  5230 | D:4      | Noticed Eustachio
  5246 | D:4      | Killed Eustachio
  5759 | D:4      | Reached skill level 6 in Necromancy
  5759 | D:4      | Reached XP level 7. HP: 34/55 MP: 2/14
  6041 | D:4      | Found Mottarozue's Jewellery Boutique.
  6101 | D:4      | Found a hazy altar of Hepliaklqana.
  6159 | D:4      | Reached skill level 5 in Fighting
  6388 | D:5      | Entered Level 5 of the Dungeon
  6411 | D:5      | Found a white marble altar of Elyvilon.
  6457 | D:5      | Found Ucurrof's Food Emporium.
  6614 | D:5      | Found a large runed translucent door.
  6614 | D:5      | Found a large runed translucent door.
  6614 | D:5      | Noticed Chr0nify's ghost (novice MiFi)
  7159 | D:6      | Reached skill level 7 in Necromancy
  7280 | D:6      | Found a stormy altar of Qazlal.
  7332 | D:6      | Found a sparkling altar of Nemelex Xobeh.
  7458 | D:6      | Reached XP level 8. HP: 32/64 MP: 4/15
  8034 | D:6      | Reached skill level 8 in Necromancy
  8570 | D:7      | Identified 2 scrolls of acquirement
  8577 | D:7      | Found a sacrificial altar of Ru.
  8578 | D:7      | Found a burning altar of Makhleb.
  8579 | D:7      | Found an ornate altar of the Wu Jian Council.
  8927 | D:7      | Found a staircase to the Ecumenical Temple.
  8945 | Temple   | Entered the Ecumenical Temple
  9135 | Temple   | Became a worshipper of Gozag Ym Sagoz the Greedy
  9221 | D:7      | Reached XP level 9. HP: 24/73 MP: 3/16
  9240 | D:7      | Killed from afar by an electric eel

Skill      XL: |  1  2  3  4  5  6  7  8 |
---------------+-------------------------+-----
Spellcasting   | 3 4 5 |  5.0
Fighting       | 1 2 3 4 5 7 |  7.8
Dodging        | 2 |  2.0
Necromancy     | 5 6 7 8 |  8.9
Stealth        | |  1.5

Action                   |  1- 3 |  4- 6 |  7- 9 || total
-------------------------+-------+-------+-------++-------
Melee: Unarmed           |     5 |       |       ||     5
       Dagger            |     2 |       |       ||     2
       Spear             |       |    68 |     7 ||    75
       War axe           |       |       |    98 ||    98
 Cast: Pain              |    63 |    93 |    41 ||   197
       Animate Dead      |       |    16 |    14 ||    30
       Vampiric Draining |       |    18 |    23 ||    41
Invok: Potion Petition   |       |       |     1 ||     1
Evoke: Wand              |       |       |     1 ||     1
  Use: Scroll            |     1 |     9 |     3 ||    13
Armor: Robe              |     5 |    22 |    42 ||    69
Dodge: Dodged            |    25 |    63 |   105 ||   193
